 Dungeon Crawl Stone Soup version 0.29-a0-362-g5854e031c7 (webtiles) character file.

Game seed: 16113702024263818249

61 sammy202020 the Skirmisher (level 4, -3/29 HPs)
             Began as a Gargoyle Berserker on Apr 30, 2022.
             Was a Believer of Trog.
             Slain by an ogre
             ... wielding a +0 giant club
              (26 damage)
             ... on level 3 of the Dungeon.
             The game lasted 00:03:39 (2719 turns).

sammy202020 the Skirmisher (Gargoyle Berserker)     Turns: 2719, Time: 00:03:40

Health: -3/29      AC: 12    Str: 21    XL:     4   Next: 7%
Magic:  4/4        EV:  8    Int:  9    God:    Trog [**....]
Gold:   82         SH:  0    Dex:  9    Spells: 3/3 levels left

rFire   . . .      SeeInvis .   h - +2 mace (holy)
rCold   . . .      Faith    .   (no shield)
rNeg    + . .      Spirit   .   k - +0 chain mail
rPois   ∞          Reflect  .   (no helmet)
rElec   +          Harm     .   (no cloak)
rCorr   .          Rampage  .   (no gloves)
Will    .....                   (no boots)
Stlth   ..........              f - amulet of regeneration
HPRegen 0.89/turn               (no ring)
MPRegen 0.09/turn               (no ring)

@: no status effects
A: sickness immunity, AC +3, negative energy resistance 1, electricity
resistance, torment resistance 1, petrification resistance
a: Renounce Religion, Berserk, Trog's Hand


You were on level 3 of the Dungeon.
You worshipped Trog.
Trog was pleased with you.
You visited 1 branch of the dungeon, and saw 3 of its levels.

You collected 82 gold pieces.

Inventory:

Hand Weapons
 a - a +0 mace
 h - a +2 mace of holy wrath (weapon)
 j - a +0 hand axe
Missiles
 e - 3 javelins (quivered)
Armour
 k - a +0 chain mail (worn)
Jewellery
 c - a ring of magical power
 f - an amulet of regeneration (around neck)
Scrolls
 b - a scroll of fog {unknown}
 g - a scroll of teleportation {unknown}
 n - a scroll of torment {unknown}
Potions
 d - 2 potions of curing {unknown}
 i - a potion of haste {unknown}
 l - 2 potions of ambrosia {unknown}
 m - a potion of mutation {unknown}
 o - 2 potions of flight {unknown}


   Skills:
 * Level 4.0 Fighting
 * Level 3.6 Maces & Flails
 + Level 2.7 Armour
 + Level 2.1 Dodging


You had 3 spell levels left.
You didn't know any spells.
Your spell library was empty.

Dungeon Overview and Level Annotations

Branches:
Dungeon (3/15)

Altars:
Fedhas

Shops:
D:2 (?


Innate Abilities, Weirdness & Mutations

You are immune to sickness and miasma.
Your stone body is resilient. (AC +3)
You are immune to poison.
You resist negative energy. (rN+)
You are resistant to electric shocks. (rElec)
You are resistant to unholy torment.
You are immune to petrification.


Message History

You kill the rat!
Trog accepts your kill.
No target in view!
No target in view!
No target in view!
No target in view!
No target in view!
No target in view!
No target in view!
No target in view!
No target in view!
No target in view!
As you open the door, it creaks loudly!
A hobgoblin comes into view.
The hobgoblin shouts!
You hear a shout!
The hobgoblin moves out of view.
Found 9 gold pieces.
Found 10 gold pieces.
There is an open door here.
A hobgoblin is nearby!
A hobgoblin is nearby!
An ogre comes into view. It is wielding a +0 giant club.
The ogre shouts!
The hobgoblin hits you but does no damage.
You barely miss the hobgoblin.
A goblin comes into view. It is wielding a +0 club.
The hobgoblin hits you but does no damage.
You closely miss the hobgoblin.
The goblin shouts!
The hobgoblin hits you but does no damage.
The hobgoblin closely misses you.
You sock the hobgoblin!
You kill the hobgoblin!
Trog accepts your kill. The ogre hits you with a +0 giant club!
You hit the ogre.
The ogre is moderately wounded.
The ogre hits you with a +0 giant club!!
Ouch! That really hurt!
You die...

#.#
#.######.
#.#
#......'.
#.#
########.
#.# #. #.#
#. #.# ##
####+###'##
..........#
.......@..#
......Og..#
.........$#
..........#
..........#
.$........#
..........#
..........#


You could see an ogre and a goblin.

Vanquished Creatures
  A worm (D:2)
  3 dart slugs
  3 orcs (D:3)
  2 bats
  6 endoplasms
  2 giant cockroaches
  3 goblins (D:1)
  2 hobgoblins
  2 jackals (D:1)
  4 quokkas
  5 ball pythons (D:1)
  3 frilled lizards
  5 kobolds
  3 rats
44 creatures vanquished.

Notes
Turn   | Place    | Note
-------+----------+-------------------------------------------
     0 | D:1      | sammy202020 the Gargoyle Berserker began the quest for the
                  | Orb.
     0 | D:1      | Reached XP level 1. HP: 14/14 MP: 1/1
    60 | D:1      | Reached XP level 2. HP: 3/19 MP: 2/2
  1449 | D:1      | Reached XP level 3. HP: 24/24 MP: 3/3
  1510 | D:1      | Reached ** piety under Trog
  1781 | D:2      | Found a faded altar of an unknown god.
  1990 | D:2      | Found Xaxueh's Magic Scroll Boutique.
  2026 | D:2      | Found Tosocsoh's Weapon Emporium.
  2210 | D:2      | Found a blossoming altar of Fedhas.
  2577 | D:3      | Reached skill level 4 in Fighting
  2577 | D:3      | Reached XP level 4. HP: 27/29 MP: 4/4
  2714 | D:3      | Noticed an ogre
  2719 | D:3      | Slain by an ogre

Illustrated notes

Levels and vault maps discovered:
D:1:      minmay_arrival_five_plusses, layout_loops_corners
D:2:      layout_loops_ring, basic_altar, ebering_ecumenical_altar_rust,
          serial_shops, nicolae_shop_crystal, shop
D:3:      layout_basic, mainiacjoe_overflow_six_doors_small,
          minmay_misc_feat_plants, corexii_leaking_fountain

Skill      XL: |  1  2  3 |
---------------+----------+-----
Dodging        | 2 |  2.1
Fighting       | 4 |  4.0
Maces & Flails | |  3.6
Armour         | |  2.7

Action                   |  1- 3 |  4- 6 || total
-------------------------+-------+-------++-------
Melee: Mace              |   132 |     6 ||   138
Invok: Berserk           |     1 |       ||     1
  Use: Scroll            |     1 |       ||     1
 Stab: Sleeping          |     2 |       ||     2
Armor: Animal skin       |    44 |       ||    44
       Ring mail         |     9 |       ||     9
       Chain mail        |     5 |     3 ||     8
Dodge: Dodged            |    89 |     1 ||    90

Table legend: (Time is in decaauts)
 A = Elapsed time spent in this place.
 B = Non-inter-level travel time spent in this place.
 C = Inter-level travel time spent in this place.
 D = Time resting spent in this place.
 E = Time spent auto-exploring this place.
 F = Levels seen in this place.
 G = Mean time per level.
                   A        B        C        D        E       F      G
               +--------+--------+--------+--------+--------+-----+--------+
         Total |   2758 |   2734 |     24 |    581 |   1712 |   3 |  919.3 |
       Dungeon |   2758 |   2734 |     24 |    581 |   1712 |   3 |  919.3 |
               +--------+--------+--------+--------+--------+-----+--------+

Top non-repeatable levels by time:
     D:1: 1801 daAuts
     D:2: 746 daAuts
     D:3: 211 daAuts
